Blue Jackets vs Capitals

Created - 19 décembre 2015 at 20:12

Goals
1 2 3 T
Blue Jackets 2 1 2 5
Capitals 1 1 1 3
Shots
1 2 3 T
Blue Jackets 14 12 9 35
Capitals 8 13 13 34

1st period

1. Blue Jackets , Chris Kelly 5 (Patric Hornqvist, Branislav Mezei) at 9:04
2. Blue Jackets , Ramzi Abid 4 (Dave Steckel) at 9:47
3. Capitals , Thomas Vanek 18 (Phil Kessel, Pavel Datsyuk) at 19:56

Penalties :
Duncan Keith (Was) for Slashing (Minor) at 5:04, Phil Kessel (Was) for Roughing (Minor) at 12:49

2nd period

4. Blue Jackets , Dave Steckel 4 (Ramzi Abid, Chris Kelly) at 1:09
5. Capitals , Ryan Callahan 11 (Stephen Weiss, Patrik Elias) at 18:11

Penalties :
Keith Yandle (Was) for Hooking (Minor) at 5:49, Pavel Bure (Clb) for High sticking (Minor) at 11:37

3rd period

6. Blue Jackets , Jan Bulis 12 (Greg Zanon) at 1:51
7. Capitals , Pavel Datsyuk 12 (Stephen Weiss, Marek Zidlicky) at 9:00 (SH)
8. Blue Jackets , Chris Kelly 6 (Branislav Mezei, Kevin Bieksa) at 9:46 (PP)

Penalties :
Patrik Elias (Was) for Cross-checking (Minor) at 8:23, Brad Stuart (Clb) for Holding (Minor) at 17:19

Goalie Stats

Rick DiPietro (Clb), 31 saves from 34 shots - (0,912), W, 16-8-1, 60:00 minutes
Jaroslav Halak (Was), 30 saves from 35 shots - (0,857), L, 16-11-3, 60:00 minutes

Players Stats for Blue Jackets

Player Name              G  A  P  +/- PIM S  H  SB GA TA FO     MP     PP MP  PK MP  
------------------------------------------------------------------------------------
Adam Deadmarsh           0  0  0   2  0   1  3  1  0  0  0/1    11:59   0:00   1:05 
Brad Stuart              0  0  0   0  2   0  2  0  1  0  0/0    11:47   0:00   0:00 
Branislav Mezei          0  2  2  -1  0   1  1  2  2  1  0/0    28:19   4:47   2:16 
Chris Kelly              2  1  3  -1  0   7  0  0  1  1  16/36  23:37   4:45   1:12 
Cory Emmerton            0  0  0   0  0   1  1  0  1  0  0/1     7:23   0:00   0:00 
Dave Steckel             1  1  2   2  0   1  1  1  1  0  1/3    10:42   0:00   0:00 
David Booth              0  0  0  -1  0   4  1  2  0  0  1/4    23:50   4:45   2:04 
François Beauchemin      0  0  0   2  0   3  1  1  1  1  0/0    20:07   2:33   1:42 
Greg Zanon               0  1  1   2  0   1  1  1  0  0  0/0    20:07   2:33   1:42 
Jan Bulis                1  0  1   0  0   2  1  0  0  0  5/13   15:20   2:35   0:00 
Jason Ward               0  0  0   0  0   1  0  0  0  0  0/0     7:23   0:00   0:00 
Jeff Taffe               0  0  0   0  0   0  0  0  0  0  1/2     8:18   0:00   0:43 
Kevin Bieksa             0  1  1  -1  0   3  1  1  2  2  0/0    28:19   4:47   2:16 
Marcus Nilson            0  0  0   0  0   2  3  1  1  1  0/1    16:25   2:35   0:51 
Patric Hornqvist         0  1  1  -1  0   5  1  1  3  1  3/4    24:12   4:45   2:01 
Pavel Bure               0  0  0   0  2   0  0  0  1  0  0/1    15:29   2:35   0:00 
Ramzi Abid               1  1  2   2  0   1  1  1  0  0  0/1    11:09   0:00   0:00 
Tyler Myers              0  0  0   0  0   2  2  0  0  0  0/0    11:34   0:00   0:00 

Players Stats for Capitals

Player Name              G  A  P  +/- PIM S  H  SB GA TA FO     MP     PP MP  PK MP  
------------------------------------------------------------------------------------
Alexandre Burrows        0  0  0   0  0   1  1  1  0  0  0/0     7:44   0:03   0:45 
Brian Campbell           0  0  0   1  0   0  0  2  2  0  0/0    19:49   1:25   2:50 
David Krejci             0  0  0  -1  0   1  1  0  1  0  2/3    10:12   0:00   0:00 
Duncan Keith             0  0  0   0  2   1  1  1  0  2  0/0    27:01   2:33   3:06 
Jakub Voracek            0  0  0  -1  0   2  2  0  0  0  0/0    11:19   0:00   0:45 
James Neal               0  0  0  -1  0   2  0  0  0  1  0/0    10:38   0:06   0:00 
Keith Yandle             0  0  0  -2  2   2  0  2  1  1  0/0    14:02   0:00   1:27 
Marek Zidlicky           0  1  1   1  0   1  2  2  1  3  0/0    19:49   1:25   2:50 
Mark Giordano            0  0  0  -2  0   1  1  1  0  0  0/0    11:45   0:00   0:00 
Mark Streit              0  0  0   0  0   1  2  3  0  2  0/0    27:39   2:33   4:27 
Mikael Samuelsson        0  0  0   0  0   0  1  0  0  0  1/1     6:44   0:00   0:00 
Patrik Elias             0  1  1   0  2   1  1  1  0  1  1/1    17:18   1:57   2:01 
Pavel Datsyuk            1  1  2   0  0   6  0  0  1  1  22/41  24:44   1:58   4:34 
Phil Kessel              0  1  1  -1  2   4  2  0  0  0  2/2    20:02   1:58   0:00 
Ryan Callahan            1  0  1   0  0   1  4  1  0  0  0/0    15:18   1:57   0:00 
Stephen Weiss            0  2  2   1  0   6  1  3  1  1  8/12   19:59   1:57   4:34 
Thomas Vanek             1  0  1  -1  0   4  0  0  0  2  2/4    22:11   1:58   2:01 
Tyler Johnson            0  0  0   0  0   0  0  0  0  0  2/3     6:22   0:00   0:00 

3 Stars

1 - Chris Kelly (Clb)
2 - Ramzi Abid (Clb)
3 - Dave Steckel (Clb)

Power Play

Blue Jackets - 1 on 4 Attempt(s) - 25,00%
Capitals - 0 on 2 Attempt(s) - 0,00%

Penalty Kill

Blue Jackets - 2 on 2 Attempt(s) - 100,00% - Score 0 goal in Penalty Kill
Capitals - 3 on 4 Attempt(s) - 75,00% - Score 1 goal in Penalty Kill

Team Stat

Blue Jackets - Hits : 20 - Faceoff Wins : 27 - Blocked Shots : 12 - Penalty Minutes : 4
Capitals - Hits : 19 - Faceoff Wins : 40 - Blocked Shots : 17 - Penalty Minutes : 8

Official

Referees : Banfield David and Devorski Paul
Linesman : Mark Wheler and Don Henderson

Game Notes

No Game Note

Finance

Level 1 -- Attendance: 6000 (100,00%) -- Ticket Income 462 000 $
Level 2 -- Attendance: 4714 (94,28%) -- Ticket Income 197 988 $
Level 3 -- Attendance: 2000 (100,00%) -- Ticket Income 54 000 $
Level 4 -- Attendance: 3840 (96,00%) -- Ticket Income 61 440 $
Luxury Box -- Attendance: 873 (87,30%) -- Ticket Income 142 299 $
Game was played at the Verizon Center'
Total Attendance: 17427 (96,82%)
Total Ticket Income: 917 727 $
Other Income: 137 659 $
Total Income: 1 055 386 $

Blue Jackets

5 vs 5 Forward 
   Center                   Left Wing                Right Wing               Time % Phy DF OF 
 1 Chris Kelly              David Booth              Patric Hornqvist         40     1   2  2  
 2 Jan Bulis                Marcus Nilson            Pavel Bure               30     1   2  2  
 3 Dave Steckel             Ramzi Abid               Adam Deadmarsh           20     1   2  2  
 4 Cory Emmerton            Jeff Taffe               Jason Ward               10     1   2  2  

5 vs 5 Defense 
   Defense                  Defense                                           Time % Phy DF OF 
 1 Branislav Mezei          Kevin Bieksa                                      40     1   2  2  
 2 François Beauchemin      Greg Zanon                                        30     1   2  2  
 3 Brad Stuart              Tyler Myers                                       20     1   2  2  
 4 Branislav Mezei          Kevin Bieksa                                      10     1   2  2  

PowerPlay Forward 
   Center                   Left Wing                Right Wing               Time % Phy DF OF 
 1 Chris Kelly              David Booth              Patric Hornqvist         60     1   2  2  
 2 Jan Bulis                Marcus Nilson            Pavel Bure               40     1   2  2  

PowerPlay Defense
   Defense                  Defense                                           Time % Phy DF OF 
 1 Branislav Mezei          Kevin Bieksa                                      60     1   2  2  
 2 François Beauchemin      Greg Zanon                                        40     1   2  2  

Penalty Kill 4 Players Forward 
   Center                   Wing                     Time % Phy DF OF 
 1 David Booth              Patric Hornqvist         60     1   2  2  
 2 Chris Kelly              Marcus Nilson            40     1   2  2  

Penalty Kill 4 Players Defense
   Defense                  Defense                  Time % Phy DF OF 
 1 Branislav Mezei          Kevin Bieksa             60     1   2  2  
 2 François Beauchemin      Greg Zanon               40     1   2  2  

Penalty Kill - 3 Players Forward 
   Forward                                           Time % Phy DF OF 
 1 David Booth                                       60     1   2  2  
 2 Patric Hornqvist                                  40     1   2  2  

Penalty Kill - 3 Players Defense
   Defense                  Defense                  Time % Phy DF OF 
 1 Branislav Mezei          Kevin Bieksa             60     1   2  2  
 2 François Beauchemin      Greg Zanon               40     1   2  2  

4 vs 4 Forward 
   Center                   Wing                     Time % Phy DF OF 
 1 David Booth              Patric Hornqvist         60     1   2  2  
 2 Chris Kelly              Marcus Nilson            40     1   2  2  

4 vs 4 Defense
   Defense                  Defense                  Time % Phy DF OF 
 1 Branislav Mezei          Kevin Bieksa             60     1   2  2  
 2 François Beauchemin      Greg Zanon               40     1   2  2  

Last Minutes Offensive
   Center                   Left Wing                Right Wing               Defense                  Defense                  
   Chris Kelly              David Booth              Patric Hornqvist         Branislav Mezei          Kevin Bieksa             

Last Minutes Defensive
   Center                   Left Wing                Right Wing               Defense                  Defense                  
   Chris Kelly              David Booth              Patric Hornqvist         Branislav Mezei          Kevin Bieksa             

Goaltenders
Starting : Rick DiPietro            
Backup : Mathieu Garon            

Extra Forwards
Normal : Ramzi Abid, Jeff Taffe, Adam Deadmarsh - PP : Ramzi Abid, Jeff Taffe - PK : Adam Deadmarsh
Extra Defensemen
Normal : Brad Stuart, Tyler Myers, François Beauchemin - PP : Brad Stuart - PK : Tyler Myers, François Beauchemin
Penalty Shots
David Booth, Patric Hornqvist, Chris Kelly, Marcus Nilson, Ramzi Abid

Capitals

5 vs 5 Forward 
   Center                   Left Wing                Right Wing               Time % Phy DF OF 
 1 Pavel Datsyuk            Thomas Vanek             Phil Kessel              40     1   2  2  
 2 Stephen Weiss            Patrik Elias             Ryan Callahan            30     1   2  2  
 3 David Krejci             James Neal               Jakub Voracek            20     1   2  2  
 4 Tyler Johnson            Alexandre Burrows        Mikael Samuelsson        10     1   2  2  

5 vs 5 Defense 
   Defense                  Defense                                           Time % Phy DF OF 
 1 Duncan Keith             Mark Streit                                       40     1   2  2  
 2 Marek Zidlicky           Brian Campbell                                    30     1   2  2  
 3 Mark Giordano            Keith Yandle                                      20     1   2  2  
 4 Duncan Keith             Mark Streit                                       10     1   2  2  

PowerPlay Forward 
   Center                   Left Wing                Right Wing               Time % Phy DF OF 
 1 Pavel Datsyuk            Thomas Vanek             Phil Kessel              60     1   2  2  
 2 Stephen Weiss            Patrik Elias             Ryan Callahan            40     1   2  2  

PowerPlay Defense
   Defense                  Defense                                           Time % Phy DF OF 
 1 Duncan Keith             Mark Streit                                       60     1   2  2  
 2 Marek Zidlicky           Brian Campbell                                    40     1   2  2  

Penalty Kill 4 Players Forward 
   Center                   Wing                     Time % Phy DF OF 
 1 Pavel Datsyuk            Stephen Weiss            60     1   2  2  
 2 Thomas Vanek             Patrik Elias             40     1   2  2  

Penalty Kill 4 Players Defense
   Defense                  Defense                  Time % Phy DF OF 
 1 Duncan Keith             Mark Streit              60     1   2  2  
 2 Marek Zidlicky           Brian Campbell           40     1   2  2  

Penalty Kill - 3 Players Forward 
   Forward                                           Time % Phy DF OF 
 1 Pavel Datsyuk                                     60     1   2  2  
 2 Stephen Weiss                                     40     1   2  2  

Penalty Kill - 3 Players Defense
   Defense                  Defense                  Time % Phy DF OF 
 1 Duncan Keith             Mark Streit              60     1   2  2  
 2 Marek Zidlicky           Brian Campbell           40     1   2  2  

4 vs 4 Forward 
   Center                   Wing                     Time % Phy DF OF 
 1 Pavel Datsyuk            Stephen Weiss            60     1   2  2  
 2 Thomas Vanek             Patrik Elias             40     1   2  2  

4 vs 4 Defense
   Defense                  Defense                  Time % Phy DF OF 
 1 Duncan Keith             Mark Streit              60     1   2  2  
 2 Marek Zidlicky           Brian Campbell           40     1   2  2  

Last Minutes Offensive
   Center                   Left Wing                Right Wing               Defense                  Defense                  
   Pavel Datsyuk            Thomas Vanek             Phil Kessel              Duncan Keith             Mark Streit              

Last Minutes Defensive
   Center                   Left Wing                Right Wing               Defense                  Defense                  
   Pavel Datsyuk            Thomas Vanek             Phil Kessel              Duncan Keith             Mark Streit              

Goaltenders
Starting : Jaroslav Halak           
Backup : Tim Thomas               

Extra Forwards
Normal : James Neal, Alexandre Burrows, Jakub Voracek - PP : James Neal, Alexandre Burrows - PK : Jakub Voracek
Extra Defensemen
Normal : Mark Giordano, Keith Yandle, Marek Zidlicky - PP : Mark Giordano - PK : Keith Yandle, Marek Zidlicky
Penalty Shots
Pavel Datsyuk, Stephen Weiss, Thomas Vanek, Patrik Elias, James Neal

% Time on Ice - Blue Jackets

Lines # - Real PCT - Wanted PCT - Time Play
Normal Forward
1 - 36% - 40% - 17:38
2 - 27% - 30% - 12:59
3 - 22% - 20% - 10:42
4 - 15% - 10% - 7:23
Normal Defense
1 - 39% - 40% - 19:14
2 - 33% - 30% - 15:52
3 - 24% - 20% - 11:34
4 - 4% - 10% - 2:02
PP Forward
1 - 65% - 60% - 4:45
2 - 35% - 40% - 2:35
PP Defense
1 - 65% - 60% - 4:47
2 - 35% - 40% - 2:33
PK Forward
1 - 79% - 60% - 3:07
2 - 21% - 40% - 0:51
PK Defense
1 - 57% - 60% - 2:16
2 - 43% - 40% - 1:42
PK3 Forward
1 - 0% - 60%
2 - 0% - 40%
PK3 Defense
1 - 0% - 60%
2 - 0% - 40%
44 Forward
1 - 0% - 60%
2 - 0% - 40%
44 Defense
1 - 0% - 60%
2 - 0% - 40%
Last Minute Offensive  - 0:00
Last Minute Defensive  - 0:00
Total
Forward - 60:00
Defense - 60:00

% Time on Ice - Capitals

Lines # - Real PCT - Wanted PCT - Time Play
Normal Forward
1 - 39% - 40% - 18:47
2 - 27% - 30% - 13:21
3 - 21% - 20% - 10:12
4 - 13% - 10% - 6:22
Normal Defense
1 - 39% - 40% - 18:50
2 - 32% - 30% - 15:34
3 - 24% - 20% - 11:45
4 - 5% - 10% - 2:33
PP Forward
1 - 51% - 60% - 2:01
2 - 49% - 40% - 1:57
PP Defense
1 - 64% - 60% - 2:33
2 - 36% - 40% - 1:25
PK Forward
1 - 73% - 60% - 5:19
2 - 28% - 40% - 2:01
PK Defense
1 - 61% - 60% - 4:30
2 - 39% - 40% - 2:50
PK3 Forward
1 - 0% - 60%
2 - 0% - 40%
PK3 Defense
1 - 0% - 60%
2 - 0% - 40%
44 Forward
1 - 0% - 60%
2 - 0% - 40%
44 Defense
1 - 0% - 60%
2 - 0% - 40%
Last Minute Offensive  - 0:00
Last Minute Defensive  - 0:00
Total
Forward - 60:00
Defense - 60:00

Play by Play

1st period


0:01 of 1st period - Pavel Datsyuk wins face-off versus Chris Kelly in neutral zone.
0:57 of 1st period - Slapshot by Patric Hornqvist.
0:57 of 1st period - Stopped by Jaroslav Halak without a rebound.
0:58 of 1st period - Stephen Weiss wins face-off versus Jan Bulis in Capitals zone.
1:09 of 1st period - Kevin Bieksa is hit by Ryan Callahan and loses puck.
1:26 of 1st period - Wrist shot by Jeff Taffe.
1:26 of 1st period - Shot Misses the Net.
1:38 of 1st period - Wrist shot by Stephen Weiss.
1:38 of 1st period - Stopped by Rick DiPietro without a rebound.
1:39 of 1st period - Pavel Datsyuk wins face-off versus Ramzi Abid in Blue Jackets zone.
1:43 of 1st period - Icing by Tyler Myers.
1:44 of 1st period - Pavel Datsyuk wins face-off versus Dave Steckel in Blue Jackets zone.
1:49 of 1st period - Snap shot by Phil Kessel.
1:49 of 1st period - Deflect By Ramzi Abid.
1:49 of 1st period - Shot Misses the Net.
1:49 of 1st period - Puck is out of play.
1:50 of 1st period - Jan Bulis wins face-off versus Thomas Vanek in Blue Jackets zone.
2:17 of 1st period - Snap shot by Cory Emmerton.
2:17 of 1st period - Shot Misses the Net.
2:19 of 1st period - Snap shot by Jeff Taffe.
2:19 of 1st period - Deflect By Thomas Vanek.
2:19 of 1st period - Shot Misses the Net.
2:19 of 1st period - Puck is out of play.
2:20 of 1st period - Tyler Johnson wins face-off versus Cory Emmerton in Capitals zone.
2:45 of 1st period - Ramzi Abid is hit by Stephen Weiss and loses puck.
2:50 of 1st period - Snap shot by Ryan Callahan.
2:50 of 1st period - Shot Blocked by Adam Deadmarsh.
2:52 of 1st period - Snap shot by Patrik Elias.
2:52 of 1st period - Stopped by Rick DiPietro with a rebound.
2:54 of 1st period - Backhand shot by Ryan Callahan.
2:54 of 1st period - Shot Blocked by Greg Zanon.
2:56 of 1st period - Wrist shot by Ryan Callahan.
2:56 of 1st period - Shot Misses the Net.
2:58 of 1st period - Slapshot by Marek Zidlicky.
2:58 of 1st period - Deflect By Ryan Callahan.
2:58 of 1st period - Shot Blocked by Ramzi Abid.
2:58 of 1st period - Puck is out of play.
2:59 of 1st period - Chris Kelly wins face-off versus Pavel Datsyuk in Blue Jackets zone.
3:29 of 1st period - Kevin Bieksa is hit by David Krejci and loses puck.
4:05 of 1st period - Icing by Brad Stuart.
4:06 of 1st period - Pavel Datsyuk wins face-off versus Dave Steckel in Blue Jackets zone.
4:11 of 1st period - Wrist shot by Phil Kessel.
4:11 of 1st period - Stopped by Rick DiPietro with a rebound.
4:17 of 1st period - Snap shot by Thomas Vanek.
4:17 of 1st period - Stopped by Rick DiPietro with a rebound.
4:19 of 1st period - Snap shot by Pavel Datsyuk.
4:19 of 1st period - Stopped by Rick DiPietro without a rebound.
4:20 of 1st period - Pavel Datsyuk wins face-off versus Chris Kelly in Blue Jackets zone.
4:35 of 1st period - Backhand shot by Chris Kelly.
4:35 of 1st period - Stopped by Jaroslav Halak without a rebound.
4:36 of 1st period - Tyler Johnson wins face-off versus Jan Bulis in Capitals zone.
4:47 of 1st period - Wrist shot by Mikael Samuelsson.
4:47 of 1st period - Deflect By Alexandre Burrows.
4:47 of 1st period - Shot Blocked by Kevin Bieksa.
4:47 of 1st period - Puck is out of play.
4:48 of 1st period - Chris Kelly wins face-off versus Stephen Weiss in Blue Jackets zone.
4:57 of 1st period - Wrist shot by Patric Hornqvist.
4:57 of 1st period - Shot Hit the Post.
4:59 of 1st period - Snap shot by Branislav Mezei.
4:59 of 1st period - Stopped by Jaroslav Halak without a rebound.
5:00 of 1st period - Chris Kelly wins face-off versus Pavel Datsyuk in Capitals zone.
5:01 of 1st period - Snap shot by Patric Hornqvist.
5:01 of 1st period - Stopped by Jaroslav Halak without a rebound.
5:02 of 1st period - Pavel Datsyuk wins face-off versus Chris Kelly in Capitals zone.
5:04 of 1st period - Minor Penalty to Duncan Keith for Slashing.
5:05 of 1st period - Chris Kelly wins face-off versus Pavel Datsyuk in Capitals zone.
5:18 of 1st period - Off-side.
5:19 of 1st period - Pavel Datsyuk wins face-off versus Chris Kelly in neutral zone.
5:24 of 1st period - Backhand shot by Pavel Datsyuk.
5:24 of 1st period - Shot Blocked by Branislav Mezei.
5:30 of 1st period - Slapshot by Kevin Bieksa.
5:30 of 1st period - Shot Blocked by Stephen Weiss.
5:44 of 1st period - Jan Bulis is hit by Patrik Elias and loses puck.
6:57 of 1st period - Greg Zanon is hit by Marek Zidlicky and loses puck.
7:04 of 1st period - Penalty to Duncan Keith is over, Duncan Keith is back on ice.
7:14 of 1st period - Snap shot by Dave Steckel.
7:14 of 1st period - Shot Blocked by Brian Campbell.
7:16 of 1st period - Slapshot by Brad Stuart.
7:16 of 1st period - Shot Blocked by Marek Zidlicky.
7:18 of 1st period - Wrist shot by Ramzi Abid.
7:18 of 1st period - Shot Misses the Net.
7:20 of 1st period - Slapshot by Brad Stuart.
7:20 of 1st period - Deflect By Ramzi Abid.
7:20 of 1st period - Shot Misses the Net.
7:20 of 1st period - Puck is out of play.
7:21 of 1st period - Mikael Samuelsson wins face-off versus Jeff Taffe in Capitals zone.
7:26 of 1st period - Duncan Keith is hit by Cory Emmerton and loses puck.
8:09 of 1st period - Adam Deadmarsh is hit by Mark Giordano.
8:17 of 1st period - Slapshot by Kevin Bieksa.
8:17 of 1st period - Stopped by Jaroslav Halak with a rebound.
8:19 of 1st period - Snap shot by Dave Steckel.
8:19 of 1st period - Shot Misses the Net.
8:31 of 1st period - Snap shot by Stephen Weiss.
8:31 of 1st period - Deflect By Patrik Elias.
8:31 of 1st period - Shot Misses the Net.
8:31 of 1st period - Puck is out of play.
8:32 of 1st period - Stephen Weiss wins face-off versus Chris Kelly in Blue Jackets zone.
8:42 of 1st period - Icing by Chris Kelly.
8:43 of 1st period - Pavel Datsyuk wins face-off versus Chris Kelly in Blue Jackets zone.
8:54 of 1st period - Snap shot by Patric Hornqvist.
8:54 of 1st period - Shot Misses the Net.
9:04 of 1st period - Wrist shot by Chris Kelly.
9:04 of 1st period - Goal by Chris Kelly - Blue Jackets : 1 - Capitals : 0.
9:05 of 1st period - Pavel Datsyuk wins face-off versus Jan Bulis in neutral zone.
9:30 of 1st period - Marek Zidlicky is hit by David Booth and loses puck.
9:37 of 1st period - Snap shot by Chris Kelly.
9:37 of 1st period - Stopped by Jaroslav Halak with a rebound.
9:41 of 1st period - Snap shot by Patric Hornqvist.
9:41 of 1st period - Shot Misses the Net.
9:43 of 1st period - Snap shot by François Beauchemin.
9:43 of 1st period - Deflect By Patrik Elias.
9:43 of 1st period - Stopped by Jaroslav Halak without a rebound.
9:44 of 1st period - Dave Steckel wins face-off versus Pavel Datsyuk in Capitals zone.
9:47 of 1st period - Snap shot by Ramzi Abid.
9:47 of 1st period - Goal by Ramzi Abid - Blue Jackets : 2 - Capitals : 0.
9:48 of 1st period - Phil Kessel wins face-off versus Chris Kelly in neutral zone.
10:13 of 1st period - Ryan Callahan is hit by Marcus Nilson and loses puck.
11:17 of 1st period - Mark Streit is hit by Kevin Bieksa.
11:41 of 1st period - Snap shot by Stephen Weiss.
11:41 of 1st period - Stopped by Rick DiPietro without a rebound.
11:42 of 1st period - Stephen Weiss wins face-off versus Jan Bulis in Blue Jackets zone.
12:02 of 1st period - Ryan Callahan is hit by Brad Stuart.
12:25 of 1st period - Wrist shot by Stephen Weiss.
12:25 of 1st period - Shot Blocked by Marcus Nilson.
12:27 of 1st period - Slapshot by Keith Yandle.
12:27 of 1st period - Stopped by Rick DiPietro without a rebound.
12:28 of 1st period - Thomas Vanek wins face-off versus Chris Kelly in Blue Jackets zone.
12:49 of 1st period - Minor Penalty to Phil Kessel for Roughing.
12:50 of 1st period - Chris Kelly wins face-off versus Pavel Datsyuk in Capitals zone.
12:51 of 1st period - Wrist shot by Patric Hornqvist.
12:51 of 1st period - Shot Blocked by Duncan Keith.
14:49 of 1st period - Penalty to Phil Kessel is over, Phil Kessel is back on ice.
15:10 of 1st period - Wrist shot by Jason Ward.
15:10 of 1st period - Stopped by Jaroslav Halak with a rebound.
15:28 of 1st period - Slapshot by Adam Deadmarsh.
15:28 of 1st period - Stopped by Jaroslav Halak with a rebound.
15:30 of 1st period - Slapshot by François Beauchemin.
15:30 of 1st period - Shot Blocked by Keith Yandle.
15:32 of 1st period - Slapshot by François Beauchemin.
15:32 of 1st period - Stopped by Jaroslav Halak without a rebound.
15:33 of 1st period - Pavel Datsyuk wins face-off versus Adam Deadmarsh in Capitals zone.
15:55 of 1st period - Icing by Brian Campbell.
15:56 of 1st period - Jeff Taffe wins face-off versus Pavel Datsyuk in Capitals zone.
16:05 of 1st period - Wrist shot by Patric Hornqvist.
16:05 of 1st period - Shot Blocked by Brian Campbell.
16:07 of 1st period - Wrist shot by David Booth.
16:07 of 1st period - Shot Misses the Net.
16:09 of 1st period - Snap shot by Patric Hornqvist.
16:09 of 1st period - Stopped by Jaroslav Halak without a rebound.
16:10 of 1st period - Chris Kelly wins face-off versus Stephen Weiss in Capitals zone.
16:11 of 1st period - Snap shot by Patric Hornqvist.
16:11 of 1st period - Stopped by Jaroslav Halak with a rebound.
17:26 of 1st period - Duncan Keith is hit by François Beauchemin and loses puck.
17:49 of 1st period - Patrik Elias is hit by Ramzi Abid and loses puck.
19:56 of 1st period - Snap shot by Thomas Vanek.
19:56 of 1st period - Goal by Thomas Vanek - Blue Jackets : 2 - Capitals : 1.
19:57 of 1st period - Chris Kelly wins face-off versus Pavel Datsyuk in neutral zone.
Goals for this period are 2 for Blue Jackets vs 1 for Capitals.
Shots for this period are 14 for Blue Jackets vs 8 for Capitals.

2nd period


0:01 of 2nd period - Pavel Datsyuk wins face-off versus Chris Kelly in neutral zone.
0:16 of 2nd period - Snap shot by Phil Kessel.
0:16 of 2nd period - Stopped by Rick DiPietro without a rebound.
0:17 of 2nd period - Stephen Weiss wins face-off versus Jan Bulis in Blue Jackets zone.
1:09 of 2nd period - Snap shot by Dave Steckel.
1:09 of 2nd period - Goal by Dave Steckel - Blue Jackets : 3 - Capitals : 1.
1:10 of 2nd period - Chris Kelly wins face-off versus Pavel Datsyuk in neutral zone.
1:44 of 2nd period - Slapshot by Jan Bulis.
1:44 of 2nd period - Shot Blocked by Keith Yandle.
1:46 of 2nd period - Slapshot by Marcus Nilson.
1:46 of 2nd period - Shot Blocked by Stephen Weiss.
1:48 of 2nd period - Slapshot by François Beauchemin.
1:48 of 2nd period - Shot Blocked by Mark Giordano.
2:04 of 2nd period - Slapshot by Jeff Taffe.
2:04 of 2nd period - Shot Blocked by Patrik Elias.
2:06 of 2nd period - Slapshot by Cory Emmerton.
2:06 of 2nd period - Deflect By Patrik Elias.
2:06 of 2nd period - Stopped by Jaroslav Halak with a rebound.
2:41 of 2nd period - Snap shot by James Neal.
2:41 of 2nd period - Stopped by Rick DiPietro without a rebound.
2:42 of 2nd period - David Krejci wins face-off versus Chris Kelly in Blue Jackets zone.
2:45 of 2nd period - Wrist shot by Jakub Voracek.
2:45 of 2nd period - Stopped by Rick DiPietro with a rebound.
2:53 of 2nd period - Slapshot by Patric Hornqvist.
2:53 of 2nd period - Stopped by Jaroslav Halak without a rebound.
2:54 of 2nd period - Thomas Vanek wins face-off versus Chris Kelly in Capitals zone.
3:05 of 2nd period - Wrist shot by Pavel Datsyuk.
3:05 of 2nd period - Stopped by Rick DiPietro with a rebound.
3:07 of 2nd period - Slapshot by Mark Streit.
3:07 of 2nd period - Shot Blocked by Patric Hornqvist.
3:09 of 2nd period - Slapshot by Thomas Vanek.
3:09 of 2nd period - Shot Blocked by Branislav Mezei.
3:23 of 2nd period - Slapshot by Kevin Bieksa.
3:23 of 2nd period - Shot Misses the Net.
3:25 of 2nd period - Slapshot by Marcus Nilson.
3:25 of 2nd period - Stopped by Jaroslav Halak with a rebound.
3:31 of 2nd period - Slapshot by Marcus Nilson.
3:31 of 2nd period - Stopped by Jaroslav Halak with a rebound.
3:48 of 2nd period - Icing by Patrik Elias.
3:49 of 2nd period - Patric Hornqvist wins face-off versus Stephen Weiss in Capitals zone.
4:06 of 2nd period - Backhand shot by Stephen Weiss.
4:06 of 2nd period - Stopped by Rick DiPietro without a rebound.
4:07 of 2nd period - Pavel Datsyuk wins face-off versus Pavel Bure in Blue Jackets zone.
4:42 of 2nd period - Wrist shot by Chris Kelly.
4:42 of 2nd period - Shot Misses the Net.
5:24 of 2nd period - Slapshot by Patrik Elias.
5:24 of 2nd period - Shot Blocked by Dave Steckel.
5:49 of 2nd period - Minor Penalty to Keith Yandle for Hooking.
5:50 of 2nd period - Chris Kelly wins face-off versus Pavel Datsyuk in Capitals zone.
7:35 of 2nd period - Snap shot by Thomas Vanek.
7:35 of 2nd period - Deflect By Patrik Elias.
7:35 of 2nd period - Shot Misses the Net.
7:35 of 2nd period - Puck is out of play.
7:36 of 2nd period - Patric Hornqvist wins face-off versus Thomas Vanek in Blue Jackets zone.
7:49 of 2nd period - Penalty to Keith Yandle is over, Keith Yandle is back on ice.
8:23 of 2nd period - Slapshot by Kevin Bieksa.
8:23 of 2nd period - Stopped by Jaroslav Halak with a rebound.
9:27 of 2nd period - Patric Hornqvist is hit by Marek Zidlicky and loses puck.
9:42 of 2nd period - Duncan Keith is hit by Dave Steckel.
9:48 of 2nd period - Slapshot by Duncan Keith.
9:48 of 2nd period - Stopped by Rick DiPietro without a rebound.
9:49 of 2nd period - Jan Bulis wins face-off versus Stephen Weiss in Blue Jackets zone.
11:08 of 2nd period - Ryan Callahan is hit by Adam Deadmarsh and loses puck.
11:31 of 2nd period - Wrist shot by Pavel Datsyuk.
11:31 of 2nd period - Stopped by Rick DiPietro with a rebound.
11:37 of 2nd period - Minor Penalty to Pavel Bure for High sticking.
11:38 of 2nd period - David Booth wins face-off versus Pavel Datsyuk in Blue Jackets zone.
11:38 of 2nd period - David Booth is hit by Phil Kessel.
13:33 of 2nd period - François Beauchemin is hit by Ryan Callahan and loses puck.
13:37 of 2nd period - Penalty to Pavel Bure is over, Pavel Bure is back on ice.
13:46 of 2nd period - Snap shot by Alexandre Burrows.
13:46 of 2nd period - Stopped by Rick DiPietro without a rebound.
13:47 of 2nd period - Jan Bulis wins face-off versus Tyler Johnson in Blue Jackets zone.
13:54 of 2nd period - Snap shot by Pavel Bure.
13:54 of 2nd period - Shot Blocked by Alexandre Burrows.
13:56 of 2nd period - Backhand shot by Jan Bulis.
13:56 of 2nd period - Stopped by Jaroslav Halak without a rebound.
13:57 of 2nd period - Phil Kessel wins face-off versus Jan Bulis in Capitals zone.
14:30 of 2nd period - Wrist shot by Ramzi Abid.
14:30 of 2nd period - Shot Misses the Net.
14:32 of 2nd period - Slapshot by Tyler Myers.
14:32 of 2nd period - Shot Misses the Net.
14:34 of 2nd period - Slapshot by Tyler Myers.
14:34 of 2nd period - Shot Misses the Net.
15:04 of 2nd period - Snap shot by Pavel Datsyuk.
15:04 of 2nd period - Shot Misses the Net.
15:12 of 2nd period - Wrist shot by David Booth.
15:12 of 2nd period - Stopped by Jaroslav Halak with a rebound.
15:14 of 2nd period - Snap shot by David Booth.
15:14 of 2nd period - Shot Misses the Net.
16:27 of 2nd period - Off-side.
16:28 of 2nd period - Chris Kelly wins face-off versus Pavel Datsyuk in neutral zone.
16:31 of 2nd period - Slapshot by Patric Hornqvist.
16:31 of 2nd period - Shot Misses the Net.
16:57 of 2nd period - Icing by Pavel Datsyuk.
16:58 of 2nd period - Jan Bulis wins face-off versus Pavel Datsyuk in Capitals zone.
16:59 of 2nd period - Wrist shot by Marcus Nilson.
16:59 of 2nd period - Shot Blocked by Mark Streit.
17:17 of 2nd period - Slapshot by Mark Streit.
17:17 of 2nd period - Shot Blocked by François Beauchemin.
17:19 of 2nd period - Slapshot by Mark Streit.
17:19 of 2nd period - Shot Misses the Net.
17:21 of 2nd period - Snap shot by Thomas Vanek.
17:21 of 2nd period - Shot Misses the Net.
17:23 of 2nd period - Snap shot by Thomas Vanek.
17:23 of 2nd period - Stopped by Rick DiPietro with a rebound.
17:39 of 2nd period - Slapshot by Pavel Datsyuk.
17:39 of 2nd period - Shot Misses the Net.
17:41 of 2nd period - Slapshot by Mark Streit.
17:41 of 2nd period - Stopped by Rick DiPietro without a rebound.
17:42 of 2nd period - Patrik Elias wins face-off versus Chris Kelly in Blue Jackets zone.
17:55 of 2nd period - Snap shot by Chris Kelly.
17:55 of 2nd period - Stopped by Jaroslav Halak without a rebound.
17:56 of 2nd period - Stephen Weiss wins face-off versus Chris Kelly in Capitals zone.
18:05 of 2nd period - Wrist shot by Stephen Weiss.
18:05 of 2nd period - Shot Misses the Net.
18:07 of 2nd period - Backhand shot by Patrik Elias.
18:07 of 2nd period - Shot Blocked by David Booth.
18:11 of 2nd period - Wrist shot by Stephen Weiss.
18:11 of 2nd period - Deflect By Ryan Callahan.
18:11 of 2nd period - Goal by Ryan Callahan - Blue Jackets : 3 - Capitals : 2.
18:12 of 2nd period - Chris Kelly wins face-off versus Pavel Datsyuk in neutral zone.
18:24 of 2nd period - Icing by Mark Streit.
18:25 of 2nd period - Patric Hornqvist wins face-off versus Pavel Datsyuk in Capitals zone.
18:26 of 2nd period - Wrist shot by David Booth.
18:26 of 2nd period - Stopped by Jaroslav Halak without a rebound.
18:27 of 2nd period - Pavel Datsyuk wins face-off versus Patric Hornqvist in Capitals zone.
18:31 of 2nd period - Off-side.
18:32 of 2nd period - Chris Kelly wins face-off versus Pavel Datsyuk in neutral zone.
18:41 of 2nd period - Snap shot by David Booth.
18:41 of 2nd period - Shot Misses the Net.
19:03 of 2nd period - Wrist shot by Jan Bulis.
19:03 of 2nd period - Shot Blocked by Mark Streit.
19:05 of 2nd period - Snap shot by Kevin Bieksa.
19:05 of 2nd period - Stopped by Jaroslav Halak with a rebound.
19:07 of 2nd period - Slapshot by Kevin Bieksa.
19:07 of 2nd period - Shot Blocked by Mark Streit.
19:23 of 2nd period - Wrist shot by Ramzi Abid.
19:23 of 2nd period - Shot Misses the Net.
19:25 of 2nd period - Slapshot by Greg Zanon.
19:25 of 2nd period - Stopped by Jaroslav Halak without a rebound.
19:26 of 2nd period - Pavel Datsyuk wins face-off versus Chris Kelly in Capitals zone.
19:31 of 2nd period - Snap shot by Phil Kessel.
19:31 of 2nd period - Stopped by Rick DiPietro without a rebound.
19:32 of 2nd period - Pavel Datsyuk wins face-off versus David Booth in Blue Jackets zone.
19:35 of 2nd period - Slapshot by Thomas Vanek.
19:35 of 2nd period - Stopped by Rick DiPietro with a rebound.
19:47 of 2nd period - Greg Zanon is hit by Phil Kessel and loses puck.
Goals for this period are 1 for Blue Jackets vs 1 for Capitals.
Shots for this period are 12 for Blue Jackets vs 13 for Capitals.

3rd period


0:01 of 3rd period - Pavel Datsyuk wins face-off versus Chris Kelly in neutral zone.
0:03 of 3rd period - Off-side.
0:04 of 3rd period - Chris Kelly wins face-off versus Pavel Datsyuk in neutral zone.
0:49 of 3rd period - Slapshot by Branislav Mezei.
0:49 of 3rd period - Shot Blocked by Marek Zidlicky.
1:19 of 3rd period - Snap shot by Tyler Johnson.
1:19 of 3rd period - Shot Blocked by David Booth.
1:51 of 3rd period - Wrist shot by Jan Bulis.
1:51 of 3rd period - Goal by Jan Bulis - Blue Jackets : 4 - Capitals : 2.
1:52 of 3rd period - Pavel Datsyuk wins face-off versus Chris Kelly in neutral zone.
2:01 of 3rd period - Slapshot by Pavel Datsyuk.
2:01 of 3rd period - Shot Misses the Net.
2:59 of 3rd period - Wrist shot by David Booth.
2:59 of 3rd period - Stopped by Jaroslav Halak with a rebound.
3:01 of 3rd period - Slapshot by Tyler Myers.
3:01 of 3rd period - Stopped by Jaroslav Halak with a rebound.
3:03 of 3rd period - Slapshot by Tyler Myers.
3:03 of 3rd period - Stopped by Jaroslav Halak without a rebound.
3:04 of 3rd period - Pavel Datsyuk wins face-off versus Chris Kelly in Capitals zone.
3:26 of 3rd period - Phil Kessel is hit by Greg Zanon and loses puck.
4:10 of 3rd period - Wrist shot by Chris Kelly.
4:10 of 3rd period - Stopped by Jaroslav Halak without a rebound.
4:11 of 3rd period - Stephen Weiss wins face-off versus Marcus Nilson in Capitals zone.
4:11 of 3rd period - Stephen Weiss is hit by Jan Bulis.
4:23 of 3rd period - Snap shot by François Beauchemin.
4:23 of 3rd period - Stopped by Jaroslav Halak without a rebound.
4:24 of 3rd period - Stephen Weiss wins face-off versus Jan Bulis in Capitals zone.
5:18 of 3rd period - Snap shot by Cory Emmerton.
5:18 of 3rd period - Deflect By Jeff Taffe.
5:18 of 3rd period - Shot Misses the Net.
5:18 of 3rd period - Puck is out of play.
5:19 of 3rd period - Chris Kelly wins face-off versus Pavel Datsyuk in Capitals zone.
5:32 of 3rd period - Snap shot by Chris Kelly.
5:32 of 3rd period - Stopped by Jaroslav Halak without a rebound.
5:33 of 3rd period - Stephen Weiss wins face-off versus Jan Bulis in Capitals zone.
6:05 of 3rd period - Pavel Datsyuk is hit by Branislav Mezei and loses puck.
6:29 of 3rd period - Wrist shot by Phil Kessel.
6:29 of 3rd period - Stopped by Rick DiPietro with a rebound.
7:07 of 3rd period - Ramzi Abid is hit by Ryan Callahan and loses puck.
7:35 of 3rd period - Snap shot by David Krejci.
7:35 of 3rd period - Shot Hit the Post.
8:16 of 3rd period - Marek Zidlicky is hit by Marcus Nilson and loses puck.
8:23 of 3rd period - Minor Penalty to Patrik Elias for Cross-checking.
8:24 of 3rd period - Pavel Datsyuk wins face-off versus Chris Kelly in Capitals zone.
8:31 of 3rd period - Wrist shot by Pavel Datsyuk.
8:31 of 3rd period - Stopped by Rick DiPietro without a rebound.
8:32 of 3rd period - Chris Kelly wins face-off versus Pavel Datsyuk in Blue Jackets zone.
8:43 of 3rd period - Pavel Datsyuk is hit by Patric Hornqvist and loses puck.
9:00 of 3rd period - Snap shot by Pavel Datsyuk.
9:00 of 3rd period - Goal by Pavel Datsyuk - Blue Jackets : 4 - Capitals : 3.
9:01 of 3rd period - Pavel Datsyuk wins face-off versus Chris Kelly in neutral zone.
9:06 of 3rd period - Wrist shot by Pavel Datsyuk.
9:06 of 3rd period - Stopped by Rick DiPietro with a rebound.
9:08 of 3rd period - Snap shot by Duncan Keith.
9:08 of 3rd period - Shot Misses the Net.
9:10 of 3rd period - Wrist shot by Stephen Weiss.
9:10 of 3rd period - Stopped by Rick DiPietro without a rebound.
9:11 of 3rd period - Pavel Datsyuk wins face-off versus David Booth in Blue Jackets zone.
9:38 of 3rd period - Snap shot by David Booth.
9:38 of 3rd period - Stopped by Jaroslav Halak with a rebound.
9:40 of 3rd period - Snap shot by Chris Kelly.
9:40 of 3rd period - Shot Blocked by Stephen Weiss.
9:42 of 3rd period - Slapshot by Kevin Bieksa.
9:42 of 3rd period - Shot Misses the Net.
9:44 of 3rd period - Slapshot by Branislav Mezei.
9:44 of 3rd period - Shot Misses the Net.
9:46 of 3rd period - Snap shot by Chris Kelly.
9:46 of 3rd period - Goal by Chris Kelly - Blue Jackets : 5 - Capitals : 3.
9:47 of 3rd period - Jan Bulis wins face-off versus David Krejci in neutral zone.
9:54 of 3rd period - Marcus Nilson is hit by Duncan Keith.
10:39 of 3rd period - Wrist shot by Mikael Samuelsson.
10:39 of 3rd period - Shot Misses the Net.
10:41 of 3rd period - Slapshot by Alexandre Burrows.
10:41 of 3rd period - Shot Misses the Net.
10:43 of 3rd period - Slapshot by Keith Yandle.
10:43 of 3rd period - Stopped by Rick DiPietro with a rebound.
11:03 of 3rd period - Jeff Taffe is hit by Jakub Voracek.
11:28 of 3rd period - Wrist shot by Jan Bulis.
11:28 of 3rd period - Shot Misses the Net.
11:36 of 3rd period - Snap shot by Stephen Weiss.
11:36 of 3rd period - Stopped by Rick DiPietro with a rebound.
11:38 of 3rd period - Wrist shot by Stephen Weiss.
11:38 of 3rd period - Stopped by Rick DiPietro without a rebound.
11:39 of 3rd period - Chris Kelly wins face-off versus Pavel Datsyuk in Blue Jackets zone.
12:35 of 3rd period - Branislav Mezei is hit by Jakub Voracek and loses puck.
12:50 of 3rd period - Jason Ward is hit by Alexandre Burrows and loses puck.
12:57 of 3rd period - Wrist shot by Alexandre Burrows.
12:57 of 3rd period - Shot Misses the Net.
13:19 of 3rd period - Chris Kelly is hit by Mark Streit.
13:31 of 3rd period - Snap shot by Marcus Nilson.
13:31 of 3rd period - Shot Blocked by Ryan Callahan.
14:33 of 3rd period - Marek Zidlicky is hit by Marcus Nilson and loses puck.
14:59 of 3rd period - Patric Hornqvist is hit by Mark Streit and loses puck.
15:23 of 3rd period - James Neal is hit by Brad Stuart and loses puck.
15:49 of 3rd period - Jeff Taffe is hit by Mikael Samuelsson and loses puck.
16:07 of 3rd period - Phil Kessel is hit by Tyler Myers and loses puck.
16:14 of 3rd period - Slapshot by Mark Giordano.
16:14 of 3rd period - Deflect By Marcus Nilson.
16:14 of 3rd period - Stopped by Rick DiPietro with a rebound.
16:28 of 3rd period - Phil Kessel is hit by Adam Deadmarsh and loses puck.
16:55 of 3rd period - Snap shot by James Neal.
16:55 of 3rd period - Stopped by Rick DiPietro with a rebound.
16:57 of 3rd period - Wrist shot by Jakub Voracek.
16:57 of 3rd period - Stopped by Rick DiPietro without a rebound.
16:58 of 3rd period - David Krejci wins face-off versus Chris Kelly in Blue Jackets zone.
16:59 of 3rd period - Slapshot by Jakub Voracek.
16:59 of 3rd period - Shot Misses the Net.
17:11 of 3rd period - Snap shot by David Krejci.
17:11 of 3rd period - Stopped by Rick DiPietro with a rebound.
17:13 of 3rd period - Snap shot by Marek Zidlicky.
17:13 of 3rd period - Stopped by Rick DiPietro with a rebound.
17:19 of 3rd period - Minor Penalty to Brad Stuart for Holding.
17:20 of 3rd period - Pavel Datsyuk wins face-off versus David Booth in Blue Jackets zone.
17:52 of 3rd period - David Booth is hit by Ryan Callahan and loses puck.
18:23 of 3rd period - Phil Kessel is hit by Adam Deadmarsh and loses puck.
19:19 of 3rd period - Penalty to Brad Stuart is over, Brad Stuart is back on ice.
19:26 of 3rd period - Backhand shot by Marcus Nilson.
19:26 of 3rd period - Shot Misses the Net.
19:58 of 3rd period - Alexandre Burrows is hit by Tyler Myers and loses puck.
Goals for this period are 2 for Blue Jackets vs 1 for Capitals.
Shots for this period are 9 for Blue Jackets vs 13 for Capitals.


Output by the SimonT Hockey Simulator (STHS) for François Prévost -- Original Page W3C XHTML 1.0 Valid
Hockey Simulator - Hockey Simulation - Hockey Manager